 Dungeon Crawl Stone Soup version 0.29-a0-284-gf9362112df (webtiles) character file.

Game seed: 9880143474198406638

9 gzilladon the Grave Robber (level 2, 0/19 HPs)
             Began as a Mummy Necromancer on Mar 25, 2022.
             Frozen to death by an endoplasm (1 damage)
             ... on level 2 of the Dungeon.
             The game lasted 00:03:05 (807 turns).

gzilladon the Grave Robber (Mummy Necromancer)       Turns: 807, Time: 00:03:05

Health: 0/19       AC:  8    Str: 11    XL:     2   Next: 6%
Magic:  5/5        EV:  5    Int: 14    God:
Gold:   25         SH:  0    Dex: 12    Spells: 4/6 levels left

rFire   x . .      SeeInvis .   (no weapon)
rCold   + . .      Faith    .   (no shield)
rNeg    + + +      Spirit   .   b - +0 chain mail
rPois   ∞          Reflect  .   (no helmet)
rElec   .          Harm     .   (no cloak)
rCorr   .          Rampage  .   (no gloves)
Will    .....                   (no boots)
Stlth   ..........              (no amulet)
HPRegen 0.06/turn               (no ring)
MPRegen 0.09/turn               (no ring)

@: no status effects
A: cold resistance 1, negative energy resistance 3, torment resistance 2, heat
vulnerability 1, no potions
a: no special abilities


You were on level 2 of the Dungeon.
You visited 1 branch of the dungeon, and saw 3 of its levels.

You collected 25 gold pieces.

Inventory:

Missiles
 c - 15 stones
Armour
 a - a +0 robe
 b - a +0 chain mail (worn)


   Skills:
 + Level 1.5 Dodging
 + Level 1.7 Stealth
 - Level 0.3 Unarmed Combat
 + Level 2.7 Spellcasting
 * Level 4.3 Necromancy


You had 4 spell levels left.
You knew the following spells:

 Your Spells              Type           Power      Damage    Failure   Level
a - Pain                  Necr           56%        1d6       93%         1
b - Animate Skeleton      Necr           28%        N/A       93%         1

Your spell library contained the following spells:

 Spells                   Type           Power      Damage    Failure   Level
 Vampiric Draining        Necr           14%        2d7       100%        3
 Animate Dead             Necr           7%         N/A       100%        4
 Agony                    Necr           14%        N/A       100%        5


Dungeon Overview and Level Annotations

Branches:
Dungeon (3/15)

Altars:


Innate Abilities, Weirdness & Mutations

You are immune to poison.
Your flesh is cold resistant. (rC+)
You are immune to negative energy. (rN+++)
You are immune to unholy pain and torment.
You are vulnerable to heat. (rF-)
You do not drink.


Message History

The endoplasm attacks as you move away!
The endoplasm hits you but does no damage.
The endoplasm attacks as you move away!
The endoplasm hits you but does no damage.
You open the door.
The endoplasm hits you but does no damage.
Found a cyan potion and a robe.
The endoplasm attacks as you move away!
The endoplasm hits you but does no damage.
A bat comes into view.
There is an open door here.
The endoplasm attacks as you move away! The endoplasm barely misses you.
The bat hits you.
* * * LOW HITPOINT WARNING * * *
The bat hits you but does no damage. The endoplasm attacks as you move away!
The endoplasm barely misses you.
Found 10 gold pieces.
The bat hits you but does no damage. The bat hits you but does no damage.
The endoplasm attacks as you move away!
The endoplasm hits you but does no damage.
The bat hits you.
* * * LOW HITPOINT WARNING * * *
The bat hits you but does no damage. The bat hits you but does no damage.
The endoplasm attacks as you move away!
The endoplasm hits you but does no damage.
The bat barely misses you. The bat hits you but does no damage.
The bat hits you but does no damage. The endoplasm barely misses you.
The bat hits you but does no damage. The bat barely misses you.
You see here 10 gold pieces.
Found a knobbly glowing staff.
The bat hits you but does no damage. The bat attacks as you move away!
The bat hits you but does no damage. x2
The bat hits you but does no damage.
The endoplasm hits you but does no damage.
You closely miss the bat. The bat hits you but does no damage.
The endoplasm jiggles.
The endoplasm freezes you.
You are frozen.
You resist.
You die...

#.# #.# #.# #. ############ # #.#
#.# .# #..........# . #.# # #.#
.. #..........# #.#.#.# #.# #.
#..........# #.#.#. #.# #.
#..........# .(... #.#
#.##......[...#
#.#.####.#.####..#..........#####
...<.....#=....b@...........'....
###.######.#####.J$........!#####
.....?.....# ##.#####+#####
###.######## #..# #.# ##.# #.# .#
#.# .# ..# |. ### #.


You could see an endoplasm and a bat.

Vanquished Creatures
  A ball python (D:1)
  2 bats (D:1)
  4 endoplasms (D:1)
  A rat (D:1)
8 creatures vanquished.

Vanquished Creatures (others)
  A plant (D:1)
1 creature vanquished.

Grand Total: 9 creatures vanquished

Notes
Turn   | Place    | Note
-------+----------+-------------------------------------------
     0 | D:1      | gzilladon the Mummy Necromancer began the quest for the
                  | Orb.
     0 | D:1      | Reached XP level 1. HP: 13/13 MP: 4/4
   192 | D:1      | Learned a level 1 spell: Animate Skeleton
   697 | D:1      | Reached XP level 2. HP: 7/19 MP: 5/5
   807 | D:2      | Frozen to death by an endoplasm

Illustrated notes

Levels and vault maps discovered:
D:1:      onia_arrival_handbag, layout_basic,
          shapermc_ecumenical_altar_mp_ritualfount
D:2:      layout_basic, grunt_decor_cap
D:3:      minmay_chambers_of_threes, layout_basic, hex_large,
          minmay_misc_feat_columns

Action                   || total
-------------------------++-------
Melee: Unarmed           ||    52
 Cast: Pain              ||     2
 Stab: Sleeping          ||     1
Armor: Robe              ||     7
       Chain mail        ||    60
Dodge: Dodged            ||    49

Table legend: (Time is in decaauts)
 A = Elapsed time spent in this place.
 B = Non-inter-level travel time spent in this place.
 C = Inter-level travel time spent in this place.
 D = Time resting spent in this place.
 E = Time spent auto-exploring this place.
 F = Levels seen in this place.
 G = Mean time per level.
                   A        B        C        D        E       F      G
               +--------+--------+--------+--------+--------+-----+--------+
         Total |    807 |    807 |      0 |    507 |      0 |   3 |  269.0 |
       Dungeon |    807 |    807 |      0 |    507 |      0 |   3 |  269.0 |
               +--------+--------+--------+--------+--------+-----+--------+

Top non-repeatable levels by time:
     D:1: 741 daAuts
     D:2: 60 daAuts
     D:3: 4 daAuts
